 Dungeon Crawl Stone Soup version 0.16.1-30-g34a7ffa (webtiles) character file.

490 joy the Covert (level 6, -1/28 HPs)
             Began as a Spriggan Enchanter on June 19, 2015.
             Killed from afar by an orc wizard (19 damage)
             ... with a puff of flame
             ... on level 5 of the Dungeon.
             The game lasted 00:08:37 (5733 turns).

joy the Covert (Spriggan Enchanter)                 Turns: 5733, Time: 00:08:37

Health: -1/28      AC:  2    Str:  4    XL:     6   Next: 90%
Magic:  17/17      EV: 18    Int: 19    God:
Gold:   299        SH:  0    Dex: 16    Spells: 3 memorised, 4 levels left

rFire  x . .     SeeInvis +     v - +1 short sword (speed)
rCold  + . .     Clarity  .     o - +0 robe (curse)
rNeg   . . .     SustAb   .     (shield restricted)
rPois  .         Gourm    .     (helmet restricted)
rElec  .         Spirit   .     (no cloak)
rCorr  .         Warding  .     (gloves unavailable)
rMut   .         Stasis   .     (boots unavailable)
MR     +....                    (no amulet)
Stlth  +++++.....               (no ring)
                                l - ring of ice

@: very quick, somewhat resistant to hostile enchantments, quite stealthy
A: unfitting armour, see invisible, herbivore 3, speed 3, slow metabolism 2
a: no special abilities


You were on level 5 of the Dungeon.
You were not hungry.

You visited 2 branches of the dungeon, and saw 6 of its levels.

You collected 299 gold pieces.

Inventory:

Hand weapons
 a - a +1 dagger
 v - a +1 short sword of speed (weapon)
 w - a +0 dagger of chaos
Missiles
 e - 4 needles of confusion
 q - 15 poisoned needles
Armour
 o - a cursed +0 robe (worn)
 p - a +1 robe of magic resistance
Jewellery
 l - a ring of ice (left hand)
Scrolls
 g - 3 scrolls of teleportation {unknown}
 k - 8 scrolls of identify {unknown}
 m - a scroll of amnesia {unknown}
 s - 2 scrolls of fear {unknown}
 t - 2 scrolls of remove curse {unknown}
 u - a scroll of random uselessness {unknown}
 x - a scroll of noise {unknown}
Potions
 b - a potion of poison {unknown}
 f - 2 potions of haste {unknown}
 h - a potion of restore abilities {unknown}
 i - a potion of cancellation {unknown}
 j - 3 potions of curing {unknown}
 n - 2 potions of resistance {unknown}
 z - a potion of brilliance {unknown}
 A - a potion of mutation {unknown}
Books
 c - a book of Maledictions

   Spells                             Type                      Level
   a - Corona                         Hexes                        1
   b - Sure Blade                     Hexes/Charms                 2
   c - Ensorcelled Hibernation        Hexes/Ice                    2
   d - Confuse                        Hexes                        3
   e - Dazzling Spray                 Conjuration/Hexes            3
   f - Enslavement                    Hexes                        4
Comestibles
 d - 5 bread rations
 r - a royal jelly
 B - a slice of pizza


   Skills:
 - Level 5.0 Short Blades
 - Level 3.0 Dodging
 + Level 9.8 Stealth
 - Level 2.6 Spellcasting
 - Level 3.6 Hexes


You had 4 spell levels left.
You knew the following spells:

 Your Spells              Type           Power        Failure   Level  Hunger
a - Corona                Hex            ###....      4%          1    None
b - Ensorcelled Hibernat  Hex/Ice        ##....       14%         2    ##.....
c - Confuse               Hex            ###.....     12%         3    ###....


Dungeon Overview and Level Annotations

Branches:
Dungeon (5/15)             Temple (1/1) D:4

Altars:
Ashenzari
Dithmenos
Elyvilon
Makhleb
Nemelex Xobeh
Qazlal
Ru
Trog
Xom
Yredelemnul
Zin
The Shining One

Shops:
D:4 %

Annotations:
D:3 emiel's ghost, average NaGl


Innate Abilities, Weirdness & Mutations

You are tiny and cannot use many weapons and most armour.
You have supernaturally acute eyesight.
You are a herbivore.
You cover ground extremely quickly.
You need consume almost no food.


Message History

You hit the jackal skeleton. You hit the jackal skeleton.
You destroy the jackal skeleton!
No target in view!
No target in view!
You now have 299 gold pieces (gained 9).
An orc comes into view. It is wielding a mace.
An orc is nearby!
An orc priest and an orc wizard come into view.
The orc priest moves out of view.
The orc priest shouts!
An orc and an orc wizard come into view.
The orc shouts!
The orc wizard shouts!
The orc priest mumbles some strange prayers to Beogh against you.
Something smites you!
The orc wizard gestures at you while chanting.
The puff of flame hits you! The fire burns you terribly!
Ouch! That really hurt!
You die...

##.......## #.......o.#
#......o..# #....<.o.o#
############ #......oo.#
...........###........>#
##########.............#
#####.......[.#
#..@......# #...<.....#
#.........# ##.......##
##.....## #######


You could see an orc priest, 2 orc wizards and 2 orcs.

Vanquished Creatures
  A scorpion (D:5)
  2 crimson imps
  An orc priest (D:3)
  A jelly (D:4)
  An orc wizard (D:5)
  4 worker ants (D:4)
  Jessica (D:3)
  6 adders
  A giant mite (D:4)
  4 worms
  4 giant geckos
  An ooze (D:2)
  12 orcs
  4 giant cockroaches
  8 goblins
  8 hobgoblins
  9 bats
  A giant newt (D:2)
  A jackal skeleton (D:5)
  10 kobolds
  2 quokkas
  A quokka skeleton (D:5)
  9 rats
92 creatures vanquished.

Notes
Turn   | Place    | Note
--------------------------------------------------------------
     0 | D:1      | joy, the Spriggan Enchanter, began the quest for the Orb.
     0 | D:1      | Reached XP level 1. HP: 9/9 MP: 4/4
   455 | D:1      | Reached skill level 5 in Stealth
   455 | D:1      | Reached XP level 2. HP: 13/13 MP: 7/7
   464 | D:1      | Learned a level 2 spell: Ensorcelled Hibernation
  1690 | D:2      | Reached XP level 3. HP: 13/16 MP: 6/9
  1757 | D:2      | Reached skill level 6 in Stealth
  2167 | D:2      | Found a glowing silver altar of Zin.
  2260 | D:2      | Reached XP level 4. HP: 10/21 MP: 12/12
  2559 | D:3      | Noticed Jessica
  2561 | D:3      | Killed Jessica
  3121 | D:3      | Found a stormy altar of Qazlal.
  3168 | D:3      | Noticed emiel's ghost (average NaGl)
  3331 | D:3      | Learned a level 3 spell: Confuse
  3391 | D:3      | Reached skill level 7 in Stealth
  3401 | D:3      | Reached XP level 5. HP: 19/24 MP: 1/14
  3974 | D:4      | Found a staircase to the Ecumenical Temple.
  3984 | Temple   | Entered the Ecumenical Temple
  4267 | D:4      | Found Ghoxietz's Food Boutique.
  4509 | D:4      | Found a shimmering altar of Xom.
  4509 | D:4      | Found a burning altar of Makhleb.
  4512 | D:4      | Reached skill level 8 in Stealth
  4558 | D:4      | Found a sacrificial altar of Ru.
  4637 | D:4      | Reached XP level 6. HP: 16/28 MP: 4/17
  4925 | D:4      | Found a sacrificial altar of Ru.
  5237 | D:4      | Reached skill level 5 in Short Blades
  5321 | D:5      | Entered Level 5 of the Dungeon
  5324 | D:5      | Reached skill level 9 in Stealth
  5733 | D:5      | Killed from afar by an orc wizard

Action                   |  1- 3 |  4- 6 || total
-------------------------+-------+-------++-------
Melee: Dagger            |   149 |    23 ||   172
       Short sword       |       |   129 ||   129
 Cast: Ensorcelled Hiber |     5 |    45 ||    50
 Stab: Sleeping          |     8 |    35 ||    43
       Distracted        |     1 |       ||     1
  Eat: Pizza             |       |     1 ||     1
       Bread ration      |       |     1 ||     1
